 Dungeon Crawl Stone Soup version 0.17-a0-1393-gcb420ff (webtiles) character file.

1465 ololoev the Stinger (level 8, -8/52 HPs)
             Began as a Mummy Venom Mage on June 16, 2015.
             Was a Follower of Kikubaaqudgha.
             Mangled by Menkaure (11 damage)
             ... on level 6 of the Dungeon.
             The game lasted 00:24:05 (8602 turns).

ololoev the Stinger (Mummy Venom Mage)              Turns: 8602, Time: 00:24:05

Health: -8/52      AC:  3    Str: 11    XL:     8   Next: 48%
Magic:  10/14      EV: 12    Int: 19    God:    Kikubaaqudgha [*.....]
Gold:   170        SH:  0    Dex: 13    Spells: 3 memorised, 6 levels left

rFire  . . .     SeeInvis .     a - +1 flail (crush)
rCold  + . .     Clarity  .     g - +0 robe
rNeg   + + +     SustAt   .     (no shield)
rPois  ∞         Gourm    .     l - +0 helmet {Int+3}
rElec  .         Spirit   .     (no cloak)
rCorr  .         Warding  +     (no gloves)
rMut   .         Stasis   .     (no boots)
MR     +....                    o - amulet of warding
Stlth  ++........               (no ring)
                                k - ring of protection from fire

@: somewhat resistant to hostile enchantments, unstealthy
A: no food or potions, fire vulnerability, cold resistance 1, negative energy
resistance 3, torment resistance, unbreathing
a: Receive Corpses, Renounce Religion


Innate Abilities, Weirdness & Mutations

You do not eat or drink.
Your flesh is vulnerable to fire.
You are immune to poison.
Your flesh is cold resistant.
You are immune to negative energy.
You are immune to unholy pain and torment.
You can survive without breathing.

Inventory:

Hand weapons
 a - a +1 flail of crushing (weapon)
Armour
 g - a +0 robe (worn)
 l - a +0 helmet of intelligence (worn)
Magical staves
 b - an uncursed staff of power
 q - an uncursed staff of wizardry
Jewellery
 k - a ring of protection from fire (left hand)
 o - an amulet of warding (around neck)
Magical devices
 f - a wand of confusion (17)
 n - a wand of frost (14)
Scrolls
 c - 2 scrolls of blinking
 d - a scroll of fog
 e - a scroll of fear
 h - 2 scrolls of remove curse
 i - a scroll of amnesia
 j - a scroll of magic mapping
 m - a scroll of enchant weapon
 p - a scroll of teleportation
Books
 r - Kikubaaqudgha's Handbook of Darkness
   (Kikubaaqudgha gifted it to you on level 5 of the Dungeon)

   Spells                             Type                      Level
   a - Animate Skeleton               Necromancy                   1
   b - Pain                           Necromancy                   1
   c - Corpse Rot                     Necromancy                   2
   d - Vampiric Draining              Necromancy                   3
   e - Control Undead                 Necromancy                   4


   Skills:
 - Level 1.5 Dodging
 - Level 1.5 Stealth
 - Level 4.3 Spellcasting
 + Level 5.0 Necromancy
 - Level 7.6 Poison Magic


You had 6 spell levels left.
You knew the following spells:

 Your Spells              Type           Power        Failure   Level  Hunger
a - Corpse Rot            Necr           N/A          2%          2    N/A
b - Mephitic Cloud        Conj/Pois/Air  ##......     14%         3    N/A
c - Olgreb's Toxic Radia  Pois           ####....     8%          4    N/A


You were on level 6 of the Dungeon.
You worshipped Kikubaaqudgha.
Kikubaaqudgha was aware of your devotion.
You were not hungry.

You visited 2 branches of the dungeon, and saw 7 of its levels.

You collected 354 gold pieces.
You spent 184 gold pieces at shops.

###.#.# ...M.#
....#.### #.....#
#####.#.[ +.... #
#.#.#######... ## #
#.#.#.......# .. #
#.#.#.......# .# #
#.#†#.......# .# #
#.#.#......M###†#
#####.#.#.......@.o.#
......#.######'####...#
#######.# #.# ....#
#######.# #.# ....#
........# #.# ###.#
######### #.# #.#
#.....# #.# #.# #.....#
#.# #.# #.....# #.# #.#

Notes
Turn   | Place    | Note
--------------------------------------------------------------
     0 | D:1      | ololoev the Mummy Venom Mage began the quest for the Orb.
     0 | D:1      | Reached XP level 1. HP: 13/13 MP: 3/3
   363 | D:1      | Reached XP level 2. HP: 19/19 MP: 0/5
  1252 | D:2      | Reached XP level 3. HP: 20/24 MP: 1/6
  1257 | D:2      | Learned a level 3 spell: Mephitic Cloud
  1399 | D:2      | Noticed Jessica
  1441 | D:2      | Killed Jessica
  1441 | D:2      | Reached skill level 4 in Poison Magic
  1671 | D:2      | Noticed Natasha
  1708 | D:2      | Killed Natasha
  1708 | D:2      | Reached XP level 4. HP: 11/30 MP: 4/8
  1830 | D:2      | Noticed Natasha
  1847 | D:2      | Killed Natasha
  2039 | D:2      | Learned a level 4 spell: Olgreb's Toxic Radiance
  2285 | D:2      | Noticed Natasha
  2290 | D:2      | Killed Natasha
  2783 | D:3      | Found a sparkling altar of Nemelex Xobeh.
  2912 | D:3      | Reached XP level 5. HP: 31/35 MP: 3/9
  3543 | D:3      | Reached skill level 5 in Poison Magic
  4152 | D:4      | Reached XP level 6. HP: 41/41 MP: 3/11
  4860 | D:4      | Found a radiant altar of Vehumet.
  4861 | D:4      | Found a white marble altar of Elyvilon.
  4863 | D:4      | Found a stormy altar of Qazlal.
  4870 | D:4      | Found a glowing silver altar of Zin.
  4870 | D:4      | Found a basalt altar of Yredelemnul.
  4871 | D:4      | Found a blossoming altar of Fedhas.
  4918 | D:4      | Reached skill level 6 in Poison Magic
  4959 | D:4      | Noticed an ogre
  4977 | D:4      | Killed an ogre
  4977 | D:4      | Reached XP level 7. HP: 31/46 MP: 1/13
  5308 | D:4      | Found Cajeogei's Weapon Shoppe.
  5594 | D:4      | Found a staircase to the Ecumenical Temple.
  5639 | Temple   | Entered the Ecumenical Temple
  5897 | Temple   | Became a worshipper of Kikubaaqudgha
  5972 | D:5      | Entered Level 5 of the Dungeon
  6275 | D:5      | Reached skill level 7 in Poison Magic
  6506 | D:5      | Found a sacrificial altar of Ru.
  6634 | D:5      | Found Nellumoe's Assorted Antiques.
  6730 | D:5      | Bought a blackened glass wand for 92 gold pieces
  6730 | D:5      | Bought a worn bone wand for 92 gold pieces
  7219 | D:5      | Acquired Kikubaaqudgha's first power
  7219 | D:5      | Received a gift from Kikubaaqudgha
  7220 | D:5      | Identified Kikubaaqudgha's Handbook of Darkness (Kikubaaqudgha gifted it to you on level 5 of the Dungeon)
  7234 | D:5      | Learned a level 2 spell: Corpse Rot
  7252 | D:5      | Reached XP level 8. HP: 46/52 MP: 9/14
  7404 | D:6      | Reached skill level 1 in Necromancy
  8585 | D:6      | Noticed Menkaure
  8593 | D:6      | Reached skill level 5 in Necromancy
  8602 | D:6      | Mangled by Menkaure

Dungeon Overview and Level Annotations

Branches:
Dungeon (6/15)             Temple (1/1) D:4

Altars:
Ashenzari
Cheibriados
Dithmenos
Elyvilon
Fedhas
Gozag
Kikubaaqudgha
Makhleb
Nemelex Xobeh
Okawaru
Qazlal
Ru
Sif Muna
Vehumet
Yredelemnul
Zin
The Shining One

Shops:
D:4 (   D:5 *

Annotations:
D:6 Menkaure


Message History

Menkaure hits you!
You hit Menkaure.
Menkaure is moderately damaged.
Menkaure hits you. Menkaure barely misses you.
You hit Menkaure.
Menkaure is heavily damaged.
Menkaure barely misses you. Menkaure misses you.
You barely miss Menkaure.
Menkaure is heavily damaged.
Menkaure hits you!
An orc comes into view. It is wielding a mace.
You are too injured to fight recklessly!
You are too injured to fight recklessly!
You are too injured to fight recklessly!
You are too injured to fight recklessly!
You are too injured to fight recklessly!
You are too injured to fight recklessly!
You are too injured to fight recklessly!
You are too injured to fight recklessly!
You are too injured to fight recklessly!
You are too injured to fight recklessly!
You are too injured to fight recklessly!
You are too injured to fight recklessly!
You are too injured to fight recklessly!
You are too injured to fight recklessly!
You are too injured to fight recklessly!
You are too injured to fight recklessly!
You are too injured to fight recklessly!
You are too injured to fight recklessly!
You are too injured to fight recklessly!
You are too injured to fight recklessly!
You are too injured to fight recklessly!
You barely miss Menkaure.
Menkaure is heavily damaged.
Menkaure hits you! Menkaure closely misses you.
You hit Menkaure but do no damage.
Menkaure is heavily damaged.
Menkaure hits you but does no damage. Menkaure hits you!
You die...
Kikubaaqudgha rasps: "You have failed me!
Welcome... oblivion!"

You could see Menkaure and an orc.

Vanquished Creatures
  A centaur (D:6)
  2 ogres
  4 giant frogs
  4 crimson imps
  3 hounds
  4 orc priests
  5 orc wizards
  A centaur skeleton (D:5)
  3 worker ants
  Jessica (D:2)
  Natasha (thrice) (D:2)
  An iguana (D:4)
  2 hound skeletons (D:4)
  5 adders
  A worker ant zombie (D:6)
  7 gnolls
  A shadow imp (D:5)
  2 oozes
  3 worms
  3 giant geckos
  23 orcs
  A bat zombie (D:6)
  6 giant cockroaches
  7 goblins
  16 hobgoblins
  2 jackals (D:3)
  14 kobolds
  2 ball pythons
  11 bats
  8 giant newts
  A jackal skeleton (D:4)
  5 quokkas
  A quokka skeleton (D:4)
  A quokka zombie (D:6)
  14 rats
168 creatures vanquished.

Action                   |  1- 3 |  4- 6 |  7- 9 || total
-------------------------+-------+-------+-------++-------
Melee: Dagger            |    93 |   247 |       ||   340
       Mace              |       |    20 |       ||    20
       Flail             |       |       |   227 ||   227
       Staff             |       |       |     1 ||     1
 Cast: Sting             |    60 |    30 |       ||    90
       Mephitic Cloud    |     1 |    10 |     7 ||    18
       Olgreb's Toxic Ra |       |    13 |    25 ||    38
Evoke: Wand              |       |     5 |     2 ||     7
  Use: Scroll            |       |     3 |     6 ||     9
 Stab: Sleeping          |     1 |     3 |     2 ||     6
       Confused          |       |     7 |     1 ||     8
       Distracted        |       |     1 |     1 ||     2

Vault maps used:
D:1:      zaba_arrival_water
D:2:      uniq_jessica, uniq_natasha
D:3:      grunt_nemelex_the_gamble
D:4:      grunt_temple_overflow_open, temple_fountains, serial_shops,
          nicolae_shop_crystal, first_bread, serial_park_tiny_1
D:5:      serial_shops, shop_fountains, grunt_ministairs_2, abandoned_shop,
          nicolae_ru_sacrificial_ziggurat
D:6:      led_sif_pool, uniq_menkaure
Temple:   triangle_lava_temple_11
